 Dungeon Crawl Stone Soup version 0.20.2-3-g29329e0561 (webtiles) character file.

305 Alfie the Cutter (level 6, -2/53 HPs)
             Began as a Hill Orc Fighter on Sept 5, 2023.
             Slain by a gnoll
             ... wielding a +0 halberd
              (7 damage)
             ... on level 4 of the Dungeon.
             The game lasted 00:05:58 (2089 turns).

Alfie the Cutter (Hill Orc Fighter)                 Turns: 2089, Time: 00:05:58

Health: -2/53      AC:  8    Str: 21    XL:     6   Next: 39%
Magic:  6/6        EV:  7    Int:  8    God:
Gold:   99         SH:  9    Dex: 10    Spells: 4/5 levels left

rFire    . . .     SeeInvis .   a - +0 rapier
rCold    . . .     Gourm    .   c - +0 shield
rNeg     . . .     Faith    .   b - +0 scale mail
rPois    .         Spirit   .   (no helmet)
rElec    .         Reflect  .   m - scarf {cloud immunity}
rCorr    .         Harm     .   g - +0 pair of gloves
MR       .....                  (no boots)
Stlth    ..........             (no amulet)
Regen    0.2/turn               (no ring)
MPRegen  0.1/turn               (no ring)

@: no status effects
A: no striking features
a: no special abilities


You were on level 4 of the Dungeon.
You were not hungry.

You visited 1 branch of the dungeon, and saw 4 of its levels.

You collected 211 gold pieces.
You spent 112 gold pieces at shops.

Inventory:

Hand Weapons
 a - a +0 rapier (weapon)
Missiles
 s - 3 tomahawks (quivered)
Armour
 b - a +0 scale mail (worn)
 c - a +0 shield (worn)
 g - a +0 pair of gloves (worn)
 m - a scarf of cloud immunity (worn)
Wands
 k - a wand of confusion (25/48)
Scrolls
 l - 4 scrolls of remove curse {unknown}
 o - 3 scrolls of identify
 p - a scroll of blinking {unknown}
 q - a scroll of magic mapping {unknown}
Potions
 d - a potion of might
 e - a potion of agility
 i - a potion of curing {unknown}
 j - a potion of magic {unknown}
 r - a potion of cancellation {unknown}
Comestibles
 f - 2 bread rations
 h - 3 meat rations
 n - a royal jelly


   Skills:
 + Level 4.4 Fighting
 + Level 4.7 Short Blades
 + Level 4.3 Armour
 + Level 0.5 Dodging
 + Level 4.3 Shields


You had 4 spell levels left.
You knew the following spells:

 Your Spells              Type           Power        Failure   Level  Hunger
a - Summon Small Mammal   Summ           #...         99%         1    ##.....


Dungeon Overview and Level Annotations

Branches:
Dungeon (4/15)
 Temple: D:4-7

Altars:
Cheibriados
Elyvilon
Kikubaaqudgha
Ru
Sif Muna
Uskayaw
Vehumet

Shops:
D:4 *


Message History

You closely miss the gnoll.
The gnoll is moderately wounded.
You block the gnoll's attack.
You closely miss the gnoll.
The gnoll is moderately wounded.
The gnoll hits you but does no damage. You block the gnoll's attack.
You hit the gnoll but do no damage.
The gnoll is moderately wounded.
You block the gnoll's attack. x2
You barely miss the gnoll.
The gnoll is moderately wounded.
The gnoll barely misses you.
The gnoll hits you from afar with a halberd.
* * * LOW HITPOINT WARNING * * *
The gnoll hits you from afar with a halberd.
* * * LOW HITPOINT WARNING * * *
The gnoll hits you with a halberd!
* * * LOW HITPOINT WARNING * * *
The gnoll hits you from afar with a halberd!
You die...

.
#.........#.#####.#..
.. .......(....# (#.#
.. #.##.#.##...# .#.#
#.##.##.#......# .<.
..... ###.#.## #.
####.#### #.#.#
##..†....# #.#.#
#.....##.###.#.#
#.....##@..>...#
#.....##g###.......
#.....##g# #..####..
#.....##S# ...#
##..g.$.g# ##.#
#.g..........#
#.#####.#.#### g..
#.#.# ###. #.# #


You could see 3 gnolls and an adder.

Vanquished Creatures
  The ghost of Alfie the Shield-Bearer, an amateur HOFi (D:4)
  An adder (D:3)
  An ooze (D:2)
  2 worms
  A dart slug (D:3)
  4 leopard geckos
  5 orcs (D:3)
  9 bats
  4 giant cockroaches
  7 hobgoblins
  9 kobolds
  A quokka (D:2)
  3 frilled lizards (D:1)
  5 goblins
  7 rats
60 creatures vanquished.

Notes
Turn   | Place    | Note
-------+----------+-------------------------------------------
     0 | D:1      | Alfie the Hill Orc Fighter began the quest for the Orb.
     0 | D:1      | Reached XP level 1. HP: 19/19 MP: 1/1
   122 | D:1      | Reached XP level 2. HP: 27/27 MP: 2/2
   672 | D:2      | Found a snail-covered altar of Cheibriados.
   682 | D:2      | Found a hide-covered altar of Uskayaw.
   840 | D:2      | Found a white marble altar of Elyvilon.
   845 | D:2      | Reached XP level 3. HP: 33/33 MP: 3/3
  1036 | D:2      | Found a radiant altar of Vehumet.
  1036 | D:2      | Found an ancient bone altar of Kikubaaqudgha.
  1037 | D:2      | Found a deep blue altar of Sif Muna.
  1043 | D:2      | Identified Sif Muna's Almanac of Calling
  1097 | D:2      | Learned a level 1 spell: Summon Small Mammal
  1181 | D:2      | Found a sacrificial altar of Ru.
  1405 | D:3      | Reached XP level 4. HP: 37/40 MP: 4/4
  2001 | D:4      | Found Bofi's Assorted Antiques.
  2003 | D:4      | Noticed Alfie's ghost (amateur HOFi)
  2022 | D:4      | Killed Alfie's ghost
  2022 | D:4      | Reached XP level 5. HP: 35/47 MP: 5/5
  2022 | D:4      | Reached XP level 6. HP: 39/53 MP: 6/6
  2031 | D:4      | Bought a scroll of identify for 56 gold pieces
  2031 | D:4      | Bought a scroll of identify for 56 gold pieces
  2089 | D:4      | Slain by a gnoll

Skill      XL: |  1  2  3  4 |
---------------+-------------+-----
Shields        | 4 |  4.3
Short Blades   | 3 4 |  4.7
Fighting       | 4 |  4.4
Armour         | 4 |  4.3
Dodging        | |  0.5

Action                   |  1- 3 |  4- 6 || total
-------------------------+-------+-------++-------
Melee: Rapier            |   126 |   100 ||   226
  Use: Scroll            |     1 |     1 ||     2
       Potion            |       |     1 ||     1
  Eat: Fruit             |     2 |     1 ||     3
       Royal jelly       |       |     1 ||     1
Armor: Scale mail        |    62 |    26 ||    88
Dodge: Dodged            |    39 |    28 ||    67
Block: Shield            |    60 |    32 ||    92
